AoeStats
← All Conquistadors Are BSTRD

Arabia

509562872Analyzed
2v2 RM · 6d ago on Sep 27, 2026· 27m 26s· 4 players
Game mode
Random Map
Map size
Medium (4 player)
Population
200
Speed
Normal
Resources
Standard
Victory
Conquest
Starting age
Dark Age
Ending age
Imperial Age
RankedLock teamsTeams togetherTeam positionsShared explorationLock speedFull tech treeHidden civsTurbo modeCheats
Victory
Defeat
🇹🇷 Magyars · Türkiye
1458
+14
🇺🇦 Ethiopians · Ukraine
1446
+15
🇨🇳 Persians · China
1489
-17
1360
-12
Audi_13
6:38 Loom
9:11 Feudal Age
9:40 Town Watch
9:42 Double-Bit Axe
14:22 Fletching
20:10 Wheelbarrow
23:13 Castle Age
21:30 Horse Collar
22:58 Gold Mining
23:15 Crossbowman
23:55 Bodkin Arrow
27:09 Bow Saw
Kean
6:14 Loom
8:54 Feudal Age
9:34 Double-Bit Axe
12:30 Scale Barding Armor
17:36 Town Watch
21:26 Horse Collar
21:40 Gold Mining
22:31 Bloodlines
24:41 Wheelbarrow
28:15 Castle Age
All Conquistadors Are BSTRD
6:03 Loom
8:39 Feudal Age
8:58 Man-at-Arms
15:47 Horse Collar
17:40 Wheelbarrow
16:51 Double-Bit Axe
19:06 Town Watch
20:22 Scale Barding Armor
20:28 Forging
21:06 Bloodlines
23:36 Castle Age
25:19 Chain Barding Armor
秦墨子
7:01 Loom
7:37 Loom
9:46 Feudal Age
10:43 Double-Bit Axe
11:10 Horse Collar
12:12 Wheelbarrow
17:16 Forging
22:19 Scale Barding Armor
26:59 Castle Age
27:03 Light Cavalry
27:45 Husbandry
28:21 Iron Casting
28:06 Chain Barding Armor
Connection lost

Rejoining the realm…

Still unreachable

The connection could not be restored.

Session expired

The server has moved on; the page needs a fresh start.